 Dungeon Crawl Stone Soup version 0.17-a0-649-g87edefa (webtiles) character file.

31722 ololoevDg the Geomancer (level 13, 100/105 HPs)
             Began as a Demigod Earth Elementalist on Apr 16, 2015.
             Quit the game on level 6 of the Lair of Beasts on Apr 17, 2015.
             The game lasted 01:32:52 (25118 turns).

ololoevDg the Geomancer (DgEE)                     Turns: 25118, Time: 01:32:52

Health: 100/105    AC: 12    Str: 11    XL:     13   Next: 0%
Magic:  19/31      EV:  4    Int: 31    God:
Gold:   1351       SH: 11    Dex: 24    Spells: 6 memorised, 13 levels left

rFire  . . .     SeeInvis .     H - +3 war axe "Namunt" {chop, MR+ Int+4 Dex+2}
rCold  . . .     Clarity  .     S - +1 scale mail of Curiosity {Dex+6}
rNeg   . . .     SustAb   +     c - +0 large shield of the Lobster {Slay+3} (curse)
rPois  .         Gourm    .     A - +1 helmet
rElec  .         Spirit   .     E - +1 cloak
rCorr  .         Warding  .     (no gloves)
rMut   .         Stasis   .     v - +0 pair of boots
MR     ++...                    (no amulet)
Stlth  +.........               (no ring)
                                (no ring)

@: very resistant to hostile enchantments, very unstealthy
A: high mp 1, sustain abilities
a: no special abilities


Innate Abilities, Weirdness & Mutations

You have an increased reservoir of magic (+10% MP).
Your attributes are resistant to harm.

Inventory:

Hand weapons
 a - a +4 dire flail of protection
 H - the +3 war axe "Namunt" (weapon) {chop, MR+ Int+4 Dex+2}
   (You took it off an orc priest on level 10 of the Dungeon)

   It inflicts extra damage upon your enemies.
   It affects your intelligence (+4).
   It affects your dexterity (+2).
   It affects your resistance to hostile enchantments.
Missiles
 b - 390 stones (quivered)
Armour
 c - the cursed +0 large shield of the Lobster (worn) {Slay+3}
   (You found it on level 11 of the Dungeon)

   It affects your accuracy and damage with ranged weapons and melee attacks
   (+3).
   It has a curse placed upon it.
 k - a +2 robe of positive energy
 v - a +0 pair of boots (worn)
 A - a +1 helmet (worn)
 E - a +1 cloak (worn)
 S - the +1 scale mail of Curiosity (worn) {Dex+6}
   (You found it on level 5 of the Lair of Beasts)

   It affects your dexterity (+6).
Scrolls
 g - a scroll of recharging {unknown}
 h - a scroll of fear
 j - 3 scrolls of remove curse
 n - 3 scrolls of amnesia
 o - 3 scrolls of blinking
 p - 4 scrolls of fog
 s - 3 scrolls of teleportation
 y - a scroll of vulnerability {unknown}
 B - 2 scrolls of immolation
 D - a scroll of magic mapping
 J - a scroll of brand weapon {unknown}
 M - a scroll of summoning {unknown}
 O - a scroll of silence {unknown}
Potions
 e - 6 potions of curing
 i - a potion of cancellation {unknown}
 l - 2 potions of cure mutation {unknown}
 m - 3 potions of brilliance
 t - 2 potions of invisibility {unknown}
 u - a potion of heal wounds
 x - a potion of might {unknown}
 z - 2 potions of magic
 C - 5 potions of restore abilities
 F - 2 potions of lignification {unknown}
 G - a potion of berserk rage {unknown}
 I - a potion of resistance {unknown}
 L - 3 potions of agility {unknown}
 N - a potion of haste
Books
 d - a book of Geomancy

   Spells                             Type                      Level
   a - Sandblast                      Earth                        1
   b - Stoneskin                      Transmutation/Earth          2
   c - Passwall                       Transmutation/Earth          3
   d - Stone Arrow                    Conjuration/Earth            3
   e - Petrify                        Transmutation/Earth          4
   f - Lee's Rapid Deconstruction     Earth                        5
 R - a book of the Tempests

   Spells                             Type                      Level
   a - Static Discharge               Conjuration/Air              3
   b - Lightning Bolt                 Conjuration/Air              5
   c - Fireball                       Conjuration/Fire             5
   d - Tornado                        Air                          9
   e - Shatter                        Earth                        9
Comestibles
 f - 7 bread rations
 q - 12 meat rations
 r - 2 chunks of flesh
 w - 16 royal jellies
 K - 4 fruits
 P - 2 beef jerkies


   Skills:
 + Level 7.3 Fighting
 - Level 1.7 Dodging
 - Level 1.7 Stealth
 + Level 9.7 Spellcasting
 - Level 5.9 Conjurations
 - Level 5.0 Transmutations
 * Level 14.6 Earth Magic


You had 13 spell levels left.
You knew the following spells:

 Your Spells              Type           Power        Failure   Level  Hunger
a - Sandblast             Erth           ######       1%          1    None
b - Lee's Rapid Deconstr  Erth           #######...   38%         5    ###....
c - Petrify               Trmt/Erth      ######..     90%         4    None
d - Stoneskin             Trmt/Erth      ######..     17%         2    None
e - Passwall              Trmt/Erth      ######....   34%         3    None
f - Stone Arrow           Conj/Erth      ######       28%         3    None


You were on level 6 of the Lair of Beasts.
You were hungry.

You visited 2 branches of the dungeon, and saw 18 of its levels.

You collected 1351 gold pieces.

#............
#..........#
#....#.....#.
#....#........
#........[.......
#...................
#.÷.................P
#....................
#...@................
#.......†.........=...
#....................P
##.................P..
#...$..............P..
##..........P...#..#..
#..............#.....
#...........÷..#..P..
..P.#..........#.P..

Notes
Turn   | Place    | Note
--------------------------------------------------------------
     0 | D:1      | ololoevDg, the Demigod Earth Elementalist, began the quest for the Orb.
     0 | D:1      | Reached XP level 1. HP: 14/14 MP: 5/5
   330 | D:1      | Reached skill level 3 in Earth Magic
   655 | D:1      | Reached XP level 2. HP: 20/20 MP: 5/7
  1570 | D:2      | Reached XP level 3. HP: 26/26 MP: 4/8
  1777 | D:2      | Reached skill level 4 in Earth Magic
  1842 | D:2      | Reached XP level 4. HP: 21/33 MP: 8/10
  3121 | D:3      | Noticed 4thArraOfDagon's ghost (average HuSk)
  3132 | D:3      | Killed 4thArraOfDagon's ghost
  3132 | D:3      | Reached skill level 5 in Earth Magic
  3132 | D:3      | Reached XP level 5. HP: 26/38 MP: 5/13
  3132 | D:3      | Reached XP level 6. HP: 30/45 MP: 5/14
  3234 | D:3      | Learned a level 5 spell: Lee's Rapid Deconstruction
  3239 | D:3      | Learned a level 4 spell: Petrify
  3312 | D:3      | Found a blossoming altar of Fedhas.
  3350 | D:3      | Reached skill level 1 in Transmutations
  3471 | D:3      | Found a glowing drain.
  3816 | D:4      | Found a staircase to the Ecumenical Temple.
  3923 | D:4      | Reached skill level 6 in Earth Magic
  4243 | D:5      | Entered Level 5 of the Dungeon
  4249 | D:5      | Reached XP level 7. HP: 50/50 MP: 12/16
  4401 | D:5      | Found a burning altar of Makhleb.
  4404 | D:5      | Found a stormy altar of Qazlal.
  4404 | D:5      | Noticed a fire elemental
  4434 | D:5      | Killed a fire elemental
  4736 | D:5      | Reached skill level 7 in Earth Magic
  4932 | D:5      | Found a bloodstained altar of Trog.
  4999 | D:5      | Found a shimmering altar of Xom.
  5275 | D:5      | Reached XP level 8. HP: 57/57 MP: 14/18
  5284 | D:5      | Noticed Edmund
  5296 | D:5      | Killed Edmund
  5562 | D:5      | Reached skill level 5 in Spellcasting
  5757 | D:5      | Reached skill level 8 in Earth Magic
  6463 | D:6      | Reached XP level 9. HP: 62/62 MP: 18/21
  6849 | D:6      | Reached skill level 9 in Earth Magic
  6982 | D:6      | Learned a level 2 spell: Stoneskin
  6986 | D:6      | Learned a level 3 spell: Passwall
  6990 | D:6      | Learned a level 3 spell: Stone Arrow
  7282 | D:6      | Reached skill level 5 in Transmutations
  8034 | D:7      | Noticed Mygna's ghost (experienced GrEE)
  8521 | D:7      | Noticed Prince Ribbit
  8523 | D:7      | Killed Prince Ribbit
  8523 | D:7      | Reached skill level 1 in Conjurations
  8533 | D:7      | Reached skill level 10 in Earth Magic
  8545 | D:7      | Noticed Pikel
  8569 | D:7      | Killed Pikel
  8828 | D:7      | Found a sparkling altar of Nemelex Xobeh.
 10060 | D:8      | Found Lili's General Store.
 10167 | D:8      | Reached XP level 10. HP: 69/69 MP: 7/24
 11142 | D:9      | Found a staircase to the Lair.
 11332 | D:9      | Found an ancient bone altar of Kikubaaqudgha.
 11560 | D:9      | Found a white marble altar of Elyvilon.
 11683 | D:10     | Entered Level 10 of the Dungeon
 11693 | D:10     | Noticed Grum
 11728 | D:10     | Killed Grum
 11828 | D:10     | Reached skill level 11 in Earth Magic
 11828 | D:10     | Reached skill level 1 in Fighting
 11832 | D:10     | Noticed Fannar
 12343 | D:10     | You fall through a shaft!
 12604 | D:11     | Noticed UristPineapples's ghost (powerful TrMo)
 13347 | D:10     | Got an iridescent war axe
 13633 | D:11     | Got a steaming large shield
 13730 | D:11     | Noticed nago's ghost (powerful DgTm)
 13743 | D:11     | Killed nago's ghost
 14280 | D:11     | Reached XP level 11. HP: 79/82 MP: 6/26
 14456 | D:11     | Found a runed door.
 14781 | D:11     | HP: 2/82 [UristPineapples's ghost (26)]
 14787 | D:11     | Killed UristPineapples's ghost
 15110 | D:11     | Reached skill level 12 in Earth Magic
 15151 | D:11     | Noticed Maurice
 15159 | D:11     | Killed Maurice
 15278 | D:11     | Noticed Harold
 15284 | D:11     | Killed Harold
 15284 | D:11     | Reached skill level 5 in Conjurations
 16463 | D:12     | Found a staircase to the Orcish Mines.
 17428 | D:12     | Noticed Psyche
 17430 | D:12     | Killed Psyche
 17671 | Lair:1   | Entered Level 1 of the Lair of Beasts
 17761 | Lair:1   | Noticed Sonja
 18022 | Lair:1   | Noticed Nergalle
 18370 | Lair:1   | Killed Nergalle
 18370 | Lair:1   | Reached skill level 5 in Fighting
 18370 | Lair:1   | Reached skill level 13 in Earth Magic
 18478 | Lair:1   | Killed Sonja
 19044 | Lair:1   | Reached XP level 12. HP: 94/94 MP: 8/29
 22521 | Lair:4   | Reached skill level 14 in Earth Magic
 22948 | Lair:4   | You fall through a shaft!
 23142 | Lair:5   | Upgraded the game from 0.17-a0-627-g5cb7d3e to 0.17-a0-649-g87edefa
 23807 | Lair:5   | Got a heavily runed scale mail
 24291 | Lair:6   | Found a staircase to the Shoals.
 24361 | Lair:6   | Noticed a six-headed hydra
 24365 | Lair:6   | Killed a six-headed hydra
 25101 | Lair:6   | Reached XP level 13. HP: 96/105 MP: 15/31
 25102 | Lair:6   | Identified the +3 war axe "Namunt" {chop, MR+ Int+4 Dex+2} (You took it off an orc priest on level 10 of the Dungeon)
 25108 | Lair:6   | Identified the cursed +0 large shield of the Lobster {Slay+3} (You found it on level 11 of the Dungeon)
 25118 | Lair:6   | Identified the +1 scale mail of Curiosity {Dex+6} (You found it on level 5 of the Lair of Beasts)
 25118 | Lair:6   | Quit the game

Dungeon Overview and Level Annotations

Branches:
Dungeon (12/15)            Temple (0/1) D:4            Lair (6/8) D:9
 Shoals (0/5) Lair:6          Orc (0/4) D:12
  Snake: Lair:3-6    Spider: Lair:3-6     Slime: Lair:6-8

Shops:
D:8 *

Portals:
Sewer: D:3

Annotations:
D:7 Mygna's ghost, experienced GrEE
D:9 Fannar


Message History

Aim: a basilisk (hasn't noticed you)
The stone arrow misses the basilisk.
The basilisk hisses angrily.
Casting: Stone Arrow
Confirm with . or Enter, or press ? or * to list all spells.
Aiming: Stone Arrow
Press: ? - help, Shift-Dir - straight line, f/p - basilisk
Aim: a basilisk The stone arrow hits the basilisk.
The basilisk is severely wounded.
The basilisk hisses menacingly.
The basilisk gazes at you.
You easily resist.
Casting: Stone Arrow
Confirm with . or Enter, or press ? or * to list all spells.
Aiming: Stone Arrow
Press: ? - help, Shift-Dir - straight line, f/p - basilisk
Aim: a basilisk (severely wounded)
The stone arrow hits the basilisk.
You kill the basilisk!
You have reached level 13!
Wield which item (- for none, * to show all)? (? for menu, Esc to quit)
You feel clever.
You feel agile.
H - the +3 war axe "Namunt" (weapon)
{chop, MR+ Int+4 Dex+2} Wear which item? (? for menu, Esc to quit)
You start putting on your armour.
You continue putting on your steaming large shield. x3
You are feeling hungry.
You continue putting on your steaming large shield.
You finish putting on the cursed +0 large shield of the Lobster {Slay+3}.
Oops, that feels deathly cold.
Wear which item? (? for menu, Esc to quit)
You start removing your armour.
You continue taking off your +2 robe of positive energy. x4
You finish taking off your +2 robe of positive energy.
You feel less protected from negative energy.
You start putting on your armour.
You continue putting on your heavily runed scale mail. x5
You finish putting on the +1 scale mail of Curiosity {Dex+6}.
Are you sure you want to abandon this character and quit the game? (Confirm with "yes".)

There were no monsters in sight!

Vanquished Creatures
  The ghost of UristPineapples the Grappler, a powerful TrMo (D:11)
  Harold (D:11)
  The ghost of nago the Martial Artist, a powerful DgTm (D:11)
  A hydra (Lair:6)
  Sonja (Lair:1)
  Nergalle (Lair:1)
  Pikel (D:7)
  A griffon (Lair:5)
  2 slime creatures (D:12)
  2 black mambas
  Maurice (D:11)
  2 elephants (Lair:4)
  Psyche (D:12)
  7 spiny frogs
  3 komodo dragons
  A fire drake (Lair:3)
  A queen bee (D:12)
  A troll (D:11)
  Prince Ribbit (D:7)
  The ghost of 4thArraOfDagon the Chopper, an average HuSk (D:3)
  11 blink frogs
  36 yaks
  A wyvern (Lair:6)
  A trapdoor spider (D:11)
  A hungry ghost (D:12)
  A basilisk (Lair:6)
  4 hippogriffs
  A fire elemental (D:5)
  Grum (D:10)
  5 wolves
  Edmund (D:5)
  2 ice beasts
  12 porcupines
  8 phantoms
  4 orc warriors
  6 water moccasins
  A necrophage (D:5)
  2 ogres
  A wasp (D:11)
  7 sky beasts
  A slave (D:7)
  4 centaurs
  A boring beetle (Lair:3)
  8 crocodiles
  2 gnoll sergeants
  8 giant frogs
  A scorpion (D:7)
  A troll zombie (D:12)
  A water moccasin skeleton (D:5)
  39 killer bees
  A troll skeleton (D:11)
  4 wights (D:6)
  2 spriggan skeletons (D:11)
  5 crimson imps
  A wasp zombie (D:9)
  6 jellies
  A centaur zombie (D:6)
  5 hounds
  5 orc priests
  2 giant frog skeletons
  3 centaur skeletons
  9 worker ants
  4 hell rats (Lair:5)
  12 iguanas
  5 orc wizards
  A killer bee zombie (D:8)
  5 ogre zombies (D:12)
  7 sheep (Lair:4)
  A hound skeleton (D:11)
  A worker ant zombie (D:10)
  20 gnolls
  18 adders
  50 river rats
  3 shadow imps
  4 adder skeletons
  5 worms (D:2)
  9 giant geckos
  30 orcs
  2 bat skeletons (D:5)
  20 hobgoblins
  21 jackals
  5 quokkas
  19 bats
  8 giant cockroaches
  2 giant gecko skeletons (D:7)
  7 giant newts
  2 giant spores
  11 goblins
  2 goblin skeletons (D:12)
  5 goblin zombies (D:12)
  A hobgoblin skeleton (D:12)
  A hobgoblin zombie (D:12)
  24 kobolds
  An orc skeleton (D:12)
  9 orc zombies (D:12)
  13 rats
  5 spectral orcs (Lair:1)
  8 ballistomycetes
  A fungus (Lair:3)
589 creatures vanquished.

Vanquished Creatures (others)
  2 slaves
  A jelly (D:9)
  2 giant spores
  A rat (D:9)
  2 fungi
8 creatures vanquished.

Grand Total: 597 creatures vanquished

Action                   |  1- 3 |  4- 6 |  7- 9 | 10-12 | 13-15 || total
-------------------------+-------+-------+-------+-------+-------++-------
Melee: Short sword       |    56 |   157 |    36 |       |       ||   249
       Dire flail        |       |       |   140 |   134 |       ||   274
 Cast: Sandblast         |    58 |    68 |   142 |   155 |       ||   423
       Petrify           |       |       |    13 |    35 |       ||    48
       Lee's Rapid Decon |       |       |    24 |   157 |       ||   181
       Stone Arrow       |       |       |    25 |   213 |     1 ||   239
       Stoneskin         |       |       |     1 |     1 |       ||     2
  Use: Scroll            |       |       |    11 |    18 |       ||    29
       Potion            |       |       |       |     5 |       ||     5
 Stab: Sleeping          |       |     2 |     3 |       |       ||     5
       Petrified         |       |       |     2 |       |       ||     2
       Distracted        |       |       |       |     1 |       ||     1
  Eat: Chunk             |     3 |     8 |    19 |    38 |       ||    68
       Royal jelly       |       |       |     1 |       |       ||     1
       Fruit             |       |       |     3 |     7 |       ||    10
       Pizza             |       |       |     1 |     2 |       ||     3
       Bread ration      |       |       |       |     6 |       ||     6
       Beef jerky        |       |       |       |     3 |       ||     3

Vault maps used:
D:1:      evilmike_arrival_plus, minmay_tree_intersection, minmay_distorted
D:3:      gup_sewer_entry_bowl, fedhas_altar_1
D:4:      minmay_temple_entry_glass
D:5:      forest_paths, old_standard_altar, pf_overflow_fires_of_destruction,
          kennysheep_mini, first_bread, uniq_edmund
D:7:      lemuel_crystal_altar, uniq_pikel, uniq_prince_ribbit1
D:8:      serial_shops, kennysheep_little_box
D:9:      overflow_temple_1_default, kiku_gazebo_garden_becter
D:10:     uniq_grum, uniq_fannar
D:11:     hangedman_tell_no_tales, uniq_maurice, uniq_harold
D:12:     zombieorc1_lemuel, uniq_psyche
Lair:1:   nicolae_volcano_entry_s_turn, serial_bayou_shore_b,
          lemuel_fruit_fields, grunt_megastairs_1, uniq_nergalle, uniq_sonja
Lair:2:   grunt_megastairs_2, serial_bayou_shore_a
Lair:3:   beast_lair_carwin_9
Lair:4:   dummy_snake_entry, infiniplex_staircase_pool_2
Lair:6:   shoals_dummy_entry
